 Dungeon Crawl Stone Soup version 0.31-a0-145-g046c7d2549 (webtiles) character file.

Game seed: 15265896428205102395

3774 nicknak712 the Chopper (level 9, -1/72 HPs)
             Began as a Demonspawn Berserker on June 5, 2023.
             Was a Priest of Trog.
             Asphyxiated
             ... on level 8 of the Dungeon.
             The game lasted 00:34:07 (12324 turns).

nicknak712 the Chopper (Demonspawn Berserker)      Turns: 12324, Time: 00:34:08

Health: -1/72      AC: 26    Str: 27    XL:     9   Next: 95%
Magic:  9/9        EV:  9    Int:  9    God:    Trog [***...]
Gold:   398        SH:  0    Dex: 11    Spells: 8/8 levels left

rFire   + . .        b - +3 scimitar (flame)
rCold   + . .        (no shield)
rNeg    . . .        k - +0 plate armour
rPois   +            q - +5 helmet "Yrhal" {Slay+3}
rElec   +            A - +0 cloak
rCorr   +            (no gloves)
SInv    .            (no boots)
Will    .....        (no amulet) Stlth
                     c - +4 ring of protection
HPRegen 0.32/turn    h - +6 ring of strength
MPRegen 0.11/turn

%: clarity
@: lethally poisoned (-1 -> -12), resistant, marked, weakened, studying Armour
A: foul stench 1, sharp scales 2, demonic touch 1, clarity, clumsy 1
a: Renounce Religion, Berserk, Trog's Hand


You were on level 8 of the Dungeon.
You worshipped Trog.
Trog was most pleased with you.
You visited 1 branch of the dungeon, and saw 8 of its levels.
You also visited: Bailey.

You collected 398 gold pieces.

Inventory:

Hand Weapons
 b - a +3 scimitar of flaming (weapon)
 n - a +1 dagger of electrocution
 r - a +3 halberd of electrocution
 z - a +2 quarterstaff of chaos
 I - a +2 hand axe
Armour
 k - a +0 plate armour (worn)
 q - the +5 helmet "Yrhal" (worn) {Slay+3}
   (You found it on level 3 of the Dungeon)

   Slay:      It affects your accuracy & damage with ranged weapons and melee
   (+3).
 A - a +0 cloak (worn)
 C - a +0 buckler
Jewellery
 c - a +4 ring of protection (left hand)
 h - a +6 ring of strength (right hand)
Wands
 a - a wand of mindburst (1)
Scrolls
 f - 3 scrolls of teleportation
 j - 2 scrolls of fog
 E - 3 scrolls of identify
 G - a scroll of enchant armour {unknown}
 H - a scroll of fear {unknown}
Potions
 d - 6 potions of enlightenment
 e - a potion of curing {unknown}
 o - 2 potions of brilliance
 s - a potion of haste {unknown}
 x - 5 potions of magic
 B - a potion of cancellation {unknown}


   Skills:
 + Level 7.0 Fighting
 * Level 0.3 Long Blades
 - Level 7.9(8.4) Axes
 - Level 4.0(6.5) Polearms
 + Level 6.2 Armour
 + Level 5.9 Dodging


You had 8 spell levels left.
You didn't know any spells.
Your spell library was empty.

Dungeon Overview and Level Annotations

Branches:
Dungeon (8/15)             Temple (0/1) D:4          Bailey (visited)
   Lair: D:8-11

Altars:
Ashenzari
Cheibriados
Makhleb
Trog

Shops:
D:4 :=   D:5 [

Annotations:
D:8 Amaemon


Innate Abilities, Weirdness & Mutations

You may rarely emit foul miasma when damaged in melee.
You are mostly covered in razor-sharp scales. (AC +2, Slay +2)
Your touch may inflict minor irresistible damage on your foes.
You possess an exceptional clarity of mind.
You are clumsy. (Dex -2)


Message History

You are poisoned.
Amaemon claws you but does no damage. Amaemon barely misses you.
You closely miss Amaemon.
You touch Amaemon!
Amaemon is moderately wounded.
You feel very sick.
The orange demon stings you but does no damage.
Amaemon hits you but does no damage. Amaemon claws you but does no damage.
Amaemon tail-slaps you but does no damage.
You closely miss Amaemon.
You touch Amaemon!
You punch Amaemon.
Amaemon is heavily wounded.
You feel very sick.
Amaemon drinks a potion.
Amaemon seems to grow stronger.
The orange demon stings you but does no damage.
Amaemon hits you but does no damage. Amaemon claws you but does no damage.
Amaemon tail-slaps you but does no damage.
The orange demon stings you but does no damage.
You slash Amaemon! You burn Amaemon.
You touch Amaemon!
Amaemon is severely wounded.
You feel sick.
The orange demon stings you but does no damage.
Amaemon hits you with a +1 demon whip of venom!
Amaemon claws you!
* * * LOW HITPOINT WARNING * * *
Amaemon tail-slaps you but does no damage.
Unknown command.
You are too injured to fight recklessly!
You are too injured to fight recklessly!
You hit Amaemon. You burn Amaemon.
Amaemon is severely wounded.
You feel sick.
The orange demon stings you but does no damage.
Amaemon hits you with a +1 demon whip of venom.
* * * LOW HITPOINT WARNING * * *
You are more poisoned.
Amaemon claws you but does no damage. Amaemon tail-slaps you.
* * * LOW HITPOINT WARNING * * *
The orange demon stings you from afar!
* * * LOW HITPOINT WARNING * * *
You have difficulty breathing.
You die...

#.#...........
#.#........~≈~
#.#.....~~~≈≈≈
#.#....~~≈~≈≈≈
#.#.....SS~≈≈≈
#.#........~~≈
#.#...4.4..6o.
###.####6#####
#......#.@...#
#......#.....#
#............#
#.........####
#..(......#
#.........#
#.........#
#.........#
#.........#


You could see Amaemon (strong) and an orange demon (curare).

Vanquished Creatures
  Pikel (D:7)
  An orc knight (Bailey)
  Prince Ribbit (D:7)
  A steam dragon (D:8)
  2 water moccasins
  2 ice beasts
  2 sky beasts (D:7)
  2 ogres
  2 centaurs (D:7)
  A phantom (D:7)
  5 scorpions
  A wight (D:7)
  An electric eel (D:8)
  A howler monkey (D:5)
  2 jellies
  4 hounds
  Crazy Yiuf (D:4)
  An orc priest (D:5)
  2 gnoll boudas
  Jessica (D:2)
  4 iguanas
  A sleepcap (D:7)
  2 orc wizards
  19 gnolls
  5 adders
  A shadow imp (D:5)
  2 white imps
  3 ufetubi
  2 worms
  3 dart slugs
  33 orcs
  3 ball pythons
  5 endoplasms
  3 giant cockroaches
  5 goblins
  14 hobgoblins
  8 jackals
  2 quokkas
  2 bats (D:3)
  A frilled lizard (D:1)
  6 kobolds
  6 rats
164 creatures vanquished.

Vanquished Creatures (others)
  Erica (D:8)
  A gnoll (D:8)
2 creatures vanquished.

Grand Total: 166 creatures vanquished

Notes
Turn   | Place    | Note
-------+----------+-------------------------------------------
     0 | D:1      | nicknak712 the Demonspawn Berserker began the quest for the
                  | Orb.
     0 | D:1      | Reached XP level 1. HP: 18/18 MP: 1/1
   129 | D:1      | Gained mutation: You are partially covered in razor-sharp
                  | scales. (AC +1, Slay +1) [demonic ancestry]
   129 | D:1      | Reached XP level 2. HP: 24/24 MP: 2/2
   466 | D:1      | Gained mutation: You are mostly covered in razor-sharp
                  | scales. (AC +2, Slay +2) [demonic ancestry]
   466 | D:1      | Reached XP level 3. HP: 29/29 MP: 3/3
   785 | D:2      | Noticed Jessica
   791 | D:2      | Killed Jessica
   860 | D:2      | Reached XP level 4. HP: 35/35 MP: 4/4
   872 | D:2      | Reached ** piety under Trog
  1059 | D:2      | Found a burning altar of Makhleb.
  1287 | D:3      | Identified the +5 helmet "Yrhal" {Slay+3}
  1387 | D:3      | Gained mutation: You may rarely emit foul miasma when
                  | damaged in melee. [demonic ancestry]
  1387 | D:3      | Reached XP level 5. HP: 36/42 MP: 5/5
  1452 | D:3      | Found a snail-covered altar of Cheibriados.
  1452 | D:3      | Found a bloodstained altar of Trog.
  1770 | D:4      | Found a staircase to the Ecumenical Temple.
  1777 | D:4      | Found Kutzilul's Book Shoppe.
  1794 | D:4      | Reached *** piety under Trog
  2020 | D:4      | Found a runed translucent door.
  2021 | D:4      | Noticed Crazy Yiuf
  2026 | D:4      | Killed Crazy Yiuf
  2134 | D:4      | Noticed an ogre
  2142 | D:4      | Killed an ogre
  2143 | D:4      | Reached XP level 6. HP: 34/48 MP: 6/6
  2409 | D:4      | Found Doetz's Jewellery Boutique.
  2409 | D:4      | You fall into a shaft and drop 1 floor!
  2409 | D:5      | Entered Level 5 of the Dungeon
  2585 | D:5      | Found a broken altar of Ashenzari.
  2599 | D:5      | Noticed a water moccasin
  2610 | D:5      | Killed a water moccasin
  2611 | D:5      | Reached skill level 5 in Axes
  2611 | D:5      | Reached XP level 7. HP: 37/55 MP: 7/7
  3120 | D:5      | Found Denwaywo's Armour Boutique.
  3212 | D:6      | Identified the +4 ring mail of Duyrr {Dex+3}
  3460 | D:6      | Gained mutation: You are clumsy. (Dex -2) [potion of
                  | mutation]
  3460 | D:6      | Gained mutation: You possess an exceptional clarity of
                  | mind. [potion of mutation]
 10134 | D:6      | Reached skill level 5 in Fighting
 10211 | D:6      | Reached XP level 8. HP: 60/62 MP: 8/8
 10679 | D:7      | Noticed Pikel
 10691 | D:7      | Killed Pikel
 10726 | D:7      | Found a flagged portal.
 10737 | Bailey   | Entered a bailey
 11117 | Bailey   | Noticed an orc knight
 11132 | Bailey   | Killed an orc knight
 11133 | Bailey   | Reached skill level 5 in Armour
 11133 | Bailey   | Reached skill level 5 in Dodging
 11133 | Bailey   | Gained mutation: Your touch may inflict minor irresistible
                  | damage on your foes. [demonic ancestry]
 11133 | Bailey   | Reached XP level 9. HP: 69/69 MP: 9/9
 11206 | D:7      | Identified the +1 whip of the Firefly {holy, Will+ Str+3
                  | Int-5}
 11651 | D:7      | Noticed Prince Ribbit
 11655 | D:7      | Killed Prince Ribbit
 12112 | D:8      | Noticed Erica
 12134 | D:8      | Killed Erica
 12310 | D:8      | Noticed an orange demon
 12310 | D:8      | Noticed Amaemon
 12324 | D:8      | HP: 2/72 [orange demon[Amaemon] (8)]
 12324 | D:8      | Asphyxiated

Illustrated notes

Levels and vault maps discovered:
D:1:      dpeg_arrival_pits, layout_basic, chequers_serial_rivers_micro_c
D:2:      layout_rooms, basic_altar, uniq_jessica
D:3:      layout_basic, grunt_temple_overflow_open
D:4:      layout_loops_cross, minmay_temple_entry_stoned_glass, serial_shops,
          shop, nicolae_stop_n_shop_1, grunt_decor_fettered,
          hangedman_decor_peaks_small, minmay_gold_behind_fungi,
          uniq_crazy_yiuf_cottage
D:5:      layout_rooms, cheibrodos_ashenzari_chains, serial_shops, shop
D:6:      layout_basic
D:7:      layout_basic, enter_bailey_6, nrook_uturn, chequers_avenue,
          minmay_manual_monstrance, uniq_pikel, uniq_prince_ribbit1
D:8:      layout_basic, lemuel_tele_altar, serial_ice, serial_ice_g,
          serial_ice_f, serial_ice_l, serial_ice_c, uniq_erica, uniq_amaemon

Skill      XL: |  1  2  3  4  5  6  7  8  9 |
---------------+----------------------------+-----
Axes           | 3 4 5 7 |  7.9
Armour         | 2 3 4 5 6 |  6.2
Dodging        | 2 3 4 5 |  5.9
Fighting       | 4 5 6 7 |  7.0
Polearms       | 2 4 |  4.0
Long Blades    | |  0.3

Action                     |  1- 3 |  4- 6 |  7- 9 || total
---------------------------+-------+-------+-------++-------
  Melee: Hand axe          |    68 |     2 |    30 ||   100
         Mace              |       |    26 |       ||    26
         War axe           |       |    89 |   104 ||   193
         Dagger            |       |     2 |       ||     2
         Halberd           |       |       |    78 ||    78
         Scimitar          |       |       |    17 ||    17
         Touch             |       |       |     8 ||     8
         Punch             |       |       |     3 ||     3
 Invoke: Berserk           |     1 |     2 |     3 ||     6
         Trog's Hand       |       |       |     1 ||     1
    Use: Potion            |       |       |    11 ||    11
         Scroll            |       |       |    10 ||    10
   Stab: Sleeping          |     1 |       |       ||     1
 Armour: Animal skin       |    18 |       |       ||    18
         Plate armour      |       |    78 |   237 ||   315
  Dodge: Dodged            |    42 |    46 |   111 ||   199
  Block: Buckler           |       |       |     8 ||     8

Table legend: (Time is in decaauts)
 A = Elapsed time spent in this place.
 B = Non-inter-level travel time spent in this place.
 C = Inter-level travel time spent in this place.
 D = Time resting spent in this place.
 E = Time spent auto-exploring this place.
 F = Levels seen in this place.
 G = Mean time per level.
                   A        B        C        D        E       F      G
               +--------+--------+--------+--------+--------+-----+--------+
         Total |  12478 |  12336 |    142 |   7147 |   3794 |   9 | 1386.4 |
       Dungeon |  12006 |  11864 |    142 |   7000 |   3759 |   8 | 1500.8 |
        Bailey |    472 |    472 |      0 |    147 |     35 |   1 |  472.0 |
               +--------+--------+--------+--------+--------+-----+--------+

Top non-repeatable levels by time:
     D:6: 7431 daAuts
     D:7: 1029 daAuts
     D:4: 861 daAuts
     D:1: 806 daAuts
     D:5: 650 daAuts
     D:2: 483 daAuts
     D:3: 473 daAuts
  Bailey: 472 daAuts
     D:8: 270 daAuts
